Map: [ESL] Site Delta

Players

Spirit (souL) - Winner!

  • Race: Terran Terran
  • League: Master
  • Spawn Location: 11:00

Lambo

  • Race: Zerg Zerg
  • Spawn Location: 5:00

Event: IEM Katowice 2024

VOD

Have the link to the VOD?

Description

Time

  • Played on: Dec. 8, 2023, 2:01 p.m.
  • Length: 31:54

All games in this series

Show
View Real Time Build Order
Export as new Build Order

Spirit Terran - Winner!

Build Orders: Command Center First 

Get SALT Encoding   

  12  0:00  SCV  
  13  0:12  SCV  
  14  0:17  Supply Depot  
  14  0:24  SCV  
  15  0:38  SCV  
  16  0:50  SCV  
  17  0:59  Command Center  
  17  1:02  SCV  
  18  1:12  Barracks  
  18  1:15  SCV  
  19  1:26  Barracks  
  19  1:30  SCV  
  20  1:35  Refinery  
  20  1:42  SCV  
  20  1:44  Refinery  
  21  1:54  SCV  
  21  1:59  Marine  
  23  2:06  Orbital Command  
  23  2:13  Orbital Command  
  23  2:18  Marine  
  23  2:22  Marine  
  25  2:33  Factory  
  25  2:36  SCV  
  26  2:40  SCV  
  26  2:43  Barracks Reactor  
  27  2:45  Barracks Tech Lab  
  27  2:50  SCV  
  28  2:54  Bunker  
  29  3:02  SCV  
  29  3:05  Marine  
  30  3:14  SCV  
  30  3:17  Orbital Command  
  30  3:18  Supply Depot  
  31  3:24  Stimpack, Hellion x2  
  31  3:26  SCV  
  37  3:38  SCV  
  37  3:42  Command Center, SCV  
  38  3:49  Hellion  
  38  3:50  SCV  
  38  3:52  Barracks Reactor  
  38  3:55  SCV  
  44  4:02  SCV, Supply Depot, Starport  
  43  4:07  SCV  
  44  4:11  Supply Depot  
  44  4:14  Hellion  
  46  4:24  Hellion, SCV x2, Marine  
  51  4:26  Supply Depot  
  51  4:29  Marine x2  
  53  4:34  Engineering Bay  
  53  4:36  SCV x2  
  55  4:41  Marine  
  56  4:47  Marine  
  56  4:48  SCV x2  
  56  4:50  Supply Depot  
  56  4:52  Factory Tech Lab, Medivac x2  
  63  4:56  Orbital Command  
  63  4:57  Marine  
  63  4:59  Marine  
  65  5:05  Marine  
  65  5:06  Combat Shield, Engineering Bay  
  66  5:08  SCV  
  66  5:11  SCV  
  66  5:12  Terran Infantry Weapons Level 1  
  68  5:15  Refinery  
  68  5:17  Marine  
  68  5:19  Marine, Refinery  
  68  5:20  Orbital Command  
  70  5:23  Siege Tank  
  70  5:24  Marine  
  70  5:28  SCV  
  75  5:33  SCV  
  75  5:35  Marine  
  77  5:36  Terran Infantry Armor Level 1, Supply Depot  
  77  5:37  Marine  
  77  5:40  SCV  
  79  5:44  Starport Reactor  
  79  5:45  SCV  
  79  5:49  Barracks  
  80  5:50  SCV  
  80  5:52  SCV  
  80  5:53  Marine  
  80  5:54  Barracks, Marine  
  80  5:56  Barracks, Marine  
  85  6:00  SCV  
  85  6:02  SCV  
  88  6:04  SCV  
  88  6:05  Supply Depot  
  88  6:10  Siege Tank  
  91  6:11  Marine x2  
  91  6:12  SCV  
  91  6:14  SCV, Marine  
  91  6:18  SCV  
  97  6:19  Bunker  
  97  6:23  Medivac  
  97  6:24  SCV  
  100  6:26  SCV  
  100  6:27  Medivac  
  100  6:29  Marine x2  
  100  6:30  Supply Depot  
  100  6:31  SCV  
  106  6:35  Marine  
  106  6:36  SCV  
  106  6:38  SCV  
  109  6:40  Armory  
  109  6:42  Barracks Reactor x2  
  109  6:50  Supply Depot  
  109  6:51  SCV x3, Marine x2  
  109  6:53  Supply Depot  
  114  6:56  Siege Tank  
  117  7:11  Medivac x2, Marine  
  117  7:12  SCV x3, Refinery  
  117  7:14  Supply Depot  
  117  7:15  Marine x2  
  127  7:16  Supply Depot  
  127  7:19  Marine x3  
  130  7:24  SCV x2  
  132  7:33  Terran Infantry Weapons Level 2, Command Center  
  132  7:34  SCV  
  132  7:36  SCV x2  
  135  7:39  Terran Infantry Armor Level 2  
  135  7:41  Terran Vehicle Weapons Level 1  
  135  7:42  Marine  
  136  7:45  Marine x4  
  136  7:49  Supply Depot  
  140  7:51  Siege Tank  
  140  7:53  Marine  
  140  7:54  Marine x2  
  140  7:55  SCV  
  147  7:58  Supply Depot  
  147  8:00  SCV  
  147  8:04  SCV  
  148  8:07  SCV  
  148  8:10  Marine x5  
  154  8:12  Sensor Tower  
  154  8:13  Marine x2  
  154  8:19  Factory  
  156  8:21  Marine  
  156  8:22  Marine, Supply Depot, Refinery  
  156  8:23  Siege Tank  
  156  8:25  SCV  
  162  8:28  Marine x3  
  162  8:32  Marine  
  165  8:38  Barracks x2  
  165  8:39  Barracks  
  165  8:43  Marine  
  165  8:44  SCV  
  163  8:49  Marine x7  
  163  8:52  SCV x2  
  172  8:55  Siege Tank  
  172  8:57  Marine  
  172  8:58  SCV  
  177  9:03  Factory Tech Lab, Supply Depot  
  177  9:04  SCV, Marine  
  179  9:14  SCV  
  180  9:23  Marine  
  183  9:24  Marauder  
  183  9:25  Siege Tank  
  183  9:26  Sensor Tower  
  183  9:27  Siege Tank  
  183  9:28  Supply Depot  
  189  9:32  Barracks Tech Lab x3  
  189  9:36  SCV x2  
  191  9:40  Command Center  
  191  9:52  Marine  
  185  9:54  Marine  
  185  9:57  Marine  
  185  9:58  Siege Tank, Marine  
  166  10:00  Siege Tank, Marine x2  
  166  10:01  Marine  
  166  10:02  Marine x5  
  153  10:10  Marine  
  153  10:12  Marine  
  155  10:15  SCV x2, Marine  
  155  10:16  Marine  
  155  10:17  Marine  
  155  10:18  Marine  
  155  10:19  Planetary Fortress  
  155  10:20  SCV  
  155  10:21  Marauder  
  164  10:25  Marauder x3  
  164  10:27  SCV x2  
  172  10:30  Siege Tank  
  172  10:32  Siege Tank, SCV  
  172  10:33  Liberator x2  
  172  10:34  Sensor Tower, Supply Depot  
  185  10:37  Ghost Academy  
  185  10:39  Terran Infantry Weapons Level 3  
  185  10:40  SCV  
  185  10:42  SCV  
  187  10:45  SCV  
  186  10:53  SCV  
  186  10:54  SCV, Marine x2  
  186  10:55  Marine  
  186  10:57  Marine  
  150  10:58  SCV, Marine x3  
  150  11:02  Siege Tank  
  158  11:10  Command Center  
  161  11:11  Marine  
  161  11:12  Siege Tank  
  161  11:15  Ghost  
  161  11:16  Ghost x3  
  163  11:30  Command Center  
  163  11:31  Command Center  
  163  11:34  Siege Tank  
  166  11:42  SCV  
  166  11:43  SCV x2  
  166  11:44  Ghost x2  
  173  11:47  Siege Tank  
  173  11:51  Marine  
  173  11:52  Marauder  
  179  11:56  Liberator  
  179  12:00  Supply Depot  
  182  12:01  Refinery  
  182  12:02  Liberator  
  182  12:04  Refinery  
  185  12:08  Missile Turret  
  185  12:11  Ghost  
  187  12:18  Orbital Command  
  187  12:22  Siege Tank  
  190  12:27  Marine  
  183  12:33  Siege Tank, Command Center  
  183  12:34  Marauder  
  183  12:35  SCV x2  
  155  12:42  Marine  
  155  12:43  Marauder  
  158  12:47  SCV x2  
  158  12:50  Bunker  
  160  12:51  Orbital Command  
  160  12:54  Planetary Fortress, Siege Tank  
  160  12:56  SCV  
  160  12:57  Refinery  
  164  13:01  Orbital Command  
  164  13:02  Supply Depot  
  164  13:11  Ghost  
  158  13:14  Marine  
  158  13:15  Marauder x2  
  155  13:20  Marine  
  155  13:21  Siege Tank, Marauder, Marine x6  
  155  13:22  Planetary Fortress  
  167  13:28  Siege Tank  
  167  13:32  Marine  
  167  13:33  Supply Depot  
  171  13:36  Marine x2  
  171  13:38  Marine  
  171  13:39  SCV  
  171  13:41  Medivac, Marauder  
  177  13:42  Marauder, SCV  
  177  13:46  Marine, SCV  
  184  13:49  Bunker  
  184  13:50  SCV  
  184  13:51  Bunker  
  184  13:54  Siege Tank, Supply Depot, Marauder  
  192  13:55  Medivac  
  192  13:57  Marine  
  192  14:00  Siege Tank  
  192  14:02  Marauder  
  200  14:12  Sensor Tower, Missile Turret  
  200  14:13  Missile Turret  
  198  14:25  Command Center  
  198  14:32  Siege Tank  
  198  14:36  Ghost  
  200  14:51  Siege Tank  
  196  14:54  Personal Cloaking  
  196  14:56  Ghost  
  198  15:00  Command Center, SCV x2  
  198  15:04  Command Center  
  198  15:06  Missile Turret  
  200  15:09  Sensor Tower  
  200  15:17  Orbital Command  
  200  15:24  Missile Turret  
  200  15:25  Missile Turret  
  200  15:26  Missile Turret  
  200  15:28  Command Center  
  200  15:29  Starport  
  200  15:31  Fusion Core  
  200  15:35  Missile Turret x2  
  200  15:38  Concussive Shells  
  200  15:42  Orbital Command  
  198  15:54  Ghost x3  
  182  15:58  Siege Tank  
  182  16:01  Siege Tank  
  182  16:02  Marine  
  182  16:03  Marine, Marauder  
  174  16:07  Marine  
  175  16:16  Marine  
  182  16:23  Marauder x3  
  191  16:30  Siege Tank  
  191  16:31  SCV  
  195  16:34  Siege Tank, Marine  
  195  16:36  Sensor Tower  
  198  16:44  SCV  
  199  16:51  Liberator x3, Sensor Tower  
  199  16:52  SCV  
  194  17:02  Siege Tank  
  194  17:07  Siege Tank  
  185  17:09  Planetary Fortress  
  185  17:16  Ghost  
  185  17:19  Orbital Command  
  185  17:22  Ghost  
  187  17:27  Ghost  
  189  17:33  Marine  
  189  17:34  Marauder  
  200  18:00  Nuke  
  200  18:03  Starport Reactor  
  191  18:06  Viking x2  
  191  18:08  Refinery x2  
  191  18:09  Command Center  
  195  18:20  Ghost  
  195  18:22  Ghost  
  199  18:28  Terran Vehicle Weapons Level 2  
  199  18:30  Terran Infantry Armor Level 3  
  199  18:34  Factory  
  199  18:38  Ghost  
  198  18:43  Viking  
  198  18:44  Sensor Tower, Missile Turret  
  200  18:54  Advanced Ballistics  
  195  19:09  Ghost x3  
  196  19:15  Siege Tank  
  192  19:22  Siege Tank, Marine  
  192  19:23  Marauder  
  179  19:32  Viking x4  
  179  19:33  Marine x2  
  179  19:37  Ghost  
  183  19:45  Ghost x2  
  176  19:51  Hellbat  
  172  19:54  Ghost  
  172  19:55  Marine  
  162  20:01  Marine x5  
  167  20:14  Ghost  
  167  20:18  Ghost  
  167  20:19  Marine  
  167  20:20  Marine  
  173  20:29  Refinery  
  173  20:31  Siege Tank  
  173  20:35  Marauder, Marine x4  
  180  20:38  Marine  
  180  20:42  Marine  
  181  21:01  Ghost  
  181  21:03  Ghost  
  184  21:04  Siege Tank  
  184  21:17  Ghost  
  184  21:19  Marine, Medivac  
  184  21:20  Marine  
  184  21:21  Marine  
  184  21:23  Marine  
  188  21:25  Marine  
  188  21:26  Marauder  
  188  21:28  Marine  
  188  21:32  Planetary Fortress  
  185  21:39  Missile Turret, SCV  
  186  21:42  Missile Turret, SCV  
  186  21:44  SCV  
  186  21:46  Planetary Fortress  
  188  21:47  SCV x2  
  188  21:51  SCV  
  187  21:54  SCV  
  187  21:56  SCV  
  187  21:59  SCV  
  187  22:00  Ghost, Missile Turret, SCV  
  193  22:06  SCV  
  194  22:13  Missile Turret  
  187  22:26  Ghost x2  
  191  22:36  Ghost  
  190  22:37  Ghost, Marine  
  190  22:42  SCV  
  194  22:44  Refinery  
  194  22:45  Marine, Refinery  
  195  22:52  Siege Tank  
  195  22:54  SCV  
  199  22:59  Command Center, Sensor Tower  
  199  23:00  SCV  
  199  23:03  Terran Vehicle Weapons Level 3  
  199  23:04  Factory Reactor  
  199  23:05  Infernal Pre-Igniter  
  200  23:18  Command Center  
  197  23:42  Hellbat  
  186  24:18  Thor x2  
  186  24:19  Missile Turret  
  186  24:20  Viking, Sensor Tower  
  197  24:24  Viking  
  199  24:57  Viking  
  197  25:02  Viking  
  193  25:11  Ghost  
  193  25:12  Viking x2  
  196  25:22  Armory  
  196  25:27  Viking  
  198  25:37  Orbital Command  
  198  25:41  Nuke  
  200  25:43  Terran Vehicle And Ship Armor Level 1  
  200  25:45  Hellbat, Refinery  
  200  25:47  Refinery  
  200  25:56  Sensor Tower  
  186  26:11  Missile Turret  
  182  26:24  Command Center x2  
  182  26:34  Thor  
  182  26:35  Thor  
  194  26:44  Hellion x2  
  198  26:54  Planetary Fortress  
  198  26:58  SCV  
  196  27:05  SCV  
  185  27:14  SCV  
  175  27:17  Thor x2  
  175  27:19  Marauder  
  142  27:23  SCV  
  142  27:26  SCV  
  142  27:27  SCV  
  142  27:29  SCV  
  133  27:35  SCV  
  133  27:37  SCV  
  135  27:39  SCV x2  
  135  27:41  SCV  
  138  27:47  SCV  
  138  27:49  SCV  
  138  27:50  SCV  
  141  27:52  SCV  
  141  27:58  SCV  
  143  28:02  SCV x3  
  149  28:11  Sensor Tower  
  149  28:18  Ghost x2  
  153  28:24  Hellion x3  
  156  28:29  Missile Turret  
  156  28:37  Ghost x2  
  160  28:46  Ghost x2  
  164  28:53  Smart Servos, Missile Turret  
  164  28:57  Siege Tank, Missile Turret  
  162  29:12  Ghost  
  162  29:14  Liberator x2  
  170  29:17  Hellbat, Hellion  
  170  29:18  Hellion  
  170  29:22  Hellion x3  
  176  29:30  Hellbat  
  178  29:33  Ghost x2  
  182  29:40  Marauder  
  182  29:41  Marauder  
  186  29:46  SCV  
  187  29:58  SCV  
  187  29:59  Siege Tank  
  191  30:02  Marauder x2  
  193  30:26  Ghost  
  193  30:28  Hellion x4  
  176  30:44  Ghost x2  
  176  30:47  Ghost  
  182  30:51  Hellion x4  
  185  31:12  Hellion x4  
  185  31:17  Ghost  
  195  31:22  SCV x2  
  197  31:26  SCV  
Show
View Real Time Build Order
Export as new Build Order

Lambo Zerg 

Build Orders: Pool First 

Get SALT Encoding   

  12  0:00  Drone  
  13  0:12  Overlord  
  13  0:16  Drone  
  14  0:30  Drone x2  
  14  0:35  Drone  
  17  0:44  Extractor, Drone  
  17  0:49  Spawning Pool  
  16  0:56  Drone  
  17  1:06  Drone  
  18  1:16  Hatchery  
  17  1:21  Drone  
  18  1:35  Queen  
  18  1:36  Zergling x2  
  18  1:38  Zergling x2  
  22  1:45  Metabolic Boost  
  22  1:52  Overlord  
  22  2:11  Zergling x4, Queen  
  26  2:26  Hatchery  
  26  2:29  Drone  
  26  2:31  Drone  
  26  2:35  Drone  
  28  2:43  Drone x2  
  30  2:50  Drone  
  32  2:51  Drone  
  32  2:53  Overlord  
  32  2:56  Drone  
  33  2:58  Drone  
  34  3:05  Queen  
  38  3:12  Drone x2  
  38  3:13  Drone  
  38  3:18  Queen  
  41  3:22  Drone  
  41  3:23  Drone  
  41  3:26  Drone  
  44  3:32  Overlord  
  44  3:36  Overlord  
  44  3:39  Drone  
  44  3:40  Drone  
  46  3:42  Queen  
  46  3:47  Drone x2  
  50  3:51  Drone  
  50  3:52  Queen  
  50  3:55  Drone  
  54  3:56  Drone  
  54  4:01  Queen  
  57  4:03  Drone x2  
  57  4:07  Overlord  
  57  4:09  Drone  
  60  4:12  Drone  
  60  4:14  Overlord  
  60  4:16  Drone  
  62  4:17  Drone x2  
  62  4:20  Drone x2  
  66  4:25  Drone x2  
  66  4:27  Queen  
  70  4:31  Queen  
  70  4:34  Drone x2  
  70  4:36  Drone  
  75  4:40  Drone  
  75  4:42  Overlord  
  75  4:43  Zergling x4  
  75  4:44  Extractor  
  77  4:46  Lair  
  77  4:51  Zergling x8  
  81  4:54  Overlord  
  81  4:58  Drone  
  81  4:59  Baneling Nest  
  81  5:01  Extractor x2  
  81  5:04  Zergling x4  
  81  5:05  Zergling x2  
  81  5:06  Zergling x4  
  84  5:09  Drone x2  
  86  5:15  Drone x2  
  86  5:17  Spore Crawler  
  86  5:18  Drone x2  
  89  5:27  Drone x2  
  91  5:31  Evolution Chamber  
  91  5:32  Evolution Chamber  
  91  5:33  Overlord  
  91  5:34  Drone x4  
  93  5:36  Zergling x2  
  93  5:39  Hatchery  
  93  5:43  Overlord  
  93  5:44  Centrifugal Hooks  
  93  5:45  Baneling x4  
  93  5:46  Baneling x4  
  92  5:50  Overlord  
  92  5:51  Drone x5  
  92  5:55  Overlord  
  92  5:56  Baneling x2  
  97  6:02  Overlord  
  97  6:08  Zergling x10  
  102  6:15  Zergling x16  
  110  6:19  Zerg Melee Weapons Level 1, Drone, Zerg Ground Armor Level 1  
  110  6:25  Drone x3  
  114  6:33  Zergling x6  
  114  6:35  Drone x2, Hatchery  
  118  6:46  Zergling x6  
  121  6:51  Overlord x2  
  121  6:53  Overlord  
  121  6:55  Overlord  
  121  6:57  Overlord  
  121  6:59  Overseer, Baneling x3  
  121  7:01  Drone x3  
  123  7:05  Zergling x8  
  128  7:09  Overlord  
  128  7:13  Overlord  
  128  7:14  Overlord  
  128  7:16  Overlord  
  128  7:17  Drone x2  
  128  7:18  Hatchery  
  130  7:22  Drone  
  130  7:23  Drone  
  130  7:24  Drone x4  
  130  7:25  Spore Crawler  
  130  7:29  Zergling x12  
  140  7:35  Zergling x4  
  142  7:43  Zergling x12  
  148  7:48  Zergling x4  
  149  7:54  Zergling x20  
  149  7:55  Baneling x6  
  159  8:00  Zergling x8  
  161  8:06  Drone  
  161  8:07  Drone  
  161  8:08  Infestation Pit  
  161  8:09  Zergling x10  
  161  8:10  Baneling x2  
  167  8:14  Zergling x4  
  169  8:22  Zergling x8  
  169  8:23  Baneling x2  
  169  8:26  Zerg Melee Weapons Level 2, Zerg Ground Armor Level 2  
  172  8:27  Zergling x2  
  172  8:28  Zergling x18  
  172  8:32  Zergling x4  
  183  8:37  Zergling x18  
  183  8:38  Overlord  
  188  8:49  Hive  
  188  8:54  Zergling x20  
  198  8:58  Baneling  
  198  8:59  Baneling x5  
  198  9:01  Drone  
  199  9:04  Spore Crawler, Hatchery  
  199  9:05  Zergling x4  
  199  9:07  Baneling x4  
  199  9:08  Baneling x3  
  199  9:09  Baneling  
  199  9:28  Extractor  
  199  9:30  Extractor, Spore Crawler, Drone  
  196  9:32  Zergling x8, Spore Crawler  
  196  9:36  Baneling x6  
  199  9:44  Baneling x4  
  184  9:54  Zergling x48  
  184  9:58  Zergling x20  
  186  10:04  Zergling x10  
  178  10:07  Adrenal Glands  
  178  10:08  Viper  
  178  10:09  Ultralisk Cavern  
  178  10:10  Zergling x20  
  190  10:15  Zergling x6  
  190  10:16  Baneling  
  190  10:17  Baneling x12  
  190  10:20  Drone  
  190  10:21  Drone x2  
  196  10:26  Zergling x8  
  196  10:27  Baneling x5  
  199  10:32  Baneling x2  
  199  10:35  Baneling x2  
  176  10:50  Zergling x42  
  161  10:59  Zergling x12  
  161  11:02  Chitinous Plating  
  146  11:05  Ultralisk  
  146  11:06  Drone x4  
  146  11:07  Drone  
  146  11:08  Drone x4  
  146  11:09  Zergling x14, Extractor  
  167  11:12  Zergling x2  
  167  11:13  Baneling x10  
  168  11:30  Extractor  
  168  11:31  Drone x2  
  168  11:32  Drone x2  
  171  11:33  Zergling x2, Ultralisk  
  171  11:34  Zergling x22  
  189  11:44  Zergling x2  
  189  11:45  Zergling x14  
  197  11:48  Hatchery  
  197  11:50  Zerg Ground Armor Level 3  
  197  11:52  Zerg Melee Weapons Level 3  
  196  11:55  Zergling x8  
  196  11:57  Hatchery  
  196  11:59  Baneling x3  
  196  12:00  Baneling x4  
  198  12:04  Baneling x4  
  198  12:07  Zergling x2  
  199  12:08  Baneling x4  
  199  12:10  Overseer  
  199  12:20  Zergling x2  
  199  12:26  Zergling x18  
  199  12:29  Zergling x20  
  197  12:31  Zergling x6  
  197  12:33  Ultralisk x2  
  197  12:36  Zergling x8  
  179  12:42  Drone x3  
  172  12:45  Zergling x10  
  172  12:49  Zergling x2  
  172  12:50  Zergling x8, Baneling, Spire  
  172  12:51  Baneling x9  
  181  12:54  Zergling x14  
  181  12:57  Overseer  
  188  13:02  Zergling x6  
  191  13:07  Zergling x6  
  173  13:13  Zergling x16  
  173  13:19  Ultralisk x2  
  156  13:20  Zergling x6  
  156  13:21  Zergling x6  
  158  13:27  Drone x3  
  158  13:29  Infestor, Burrow  
  158  13:30  Zergling x2  
  158  13:31  Zergling x8  
  168  13:37  Overseer  
  168  13:38  Zergling x18  
  177  13:42  Zergling x6  
  180  13:48  Zergling x8  
  180  13:49  Baneling  
  180  13:50  Baneling  
  180  13:52  Zergling x8  
  180  13:54  Baneling x4  
  188  14:02  Baneling x9  
  187  14:04  Hatchery  
  187  14:06  Zerg Flyer Weapons Level 1  
  187  14:07  Infestor  
  187  14:09  Baneling x6  
  188  14:11  Zergling x10  
  188  14:15  Hatchery  
  192  14:20  Zergling x14  
  188  14:33  Zergling x40  
  188  14:35  Drone  
  188  14:36  Drone x2  
  198  14:50  Zergling x4  
  198  14:51  Overlord  
  198  14:52  Baneling x8  
  200  15:01  Hatchery  
  200  15:02  Hatchery  
  200  15:03  Neural Parasite  
  200  15:04  Overlord  
  198  15:11  Baneling x6  
  198  15:14  Zergling x2  
  198  15:15  Zergling x2  
  200  15:30  Spore Crawler  
  200  15:34  Spore Crawler  
  197  15:37  Baneling x4  
  197  15:47  Extractor  
  189  15:50  Zergling x26  
  189  15:52  Extractor  
  181  15:58  Zergling x38  
  181  16:00  Zergling x6  
  189  16:06  Greater Spire  
  189  16:09  Zergling x22  
  198  16:12  Infestor  
  198  16:14  Zergling x6  
  200  16:21  Zergling x12  
  198  16:31  Drone x2  
  200  16:33  Spore Crawler  
  200  16:34  Overseer, Baneling x6  
  192  16:51  Infestor x2  
  177  17:02  Infestor x2  
  154  17:11  Corruptor x12  
  154  17:13  Infestor x2  
  154  17:15  Drone x3  
  185  17:30  Baneling x5  
  185  17:33  Zerg Flyer Weapons Level 2  
  185  17:36  Extractor  
  182  17:38  Infestor x2  
  182  17:42  Drone x2, Extractor  
  187  17:51  Hatchery  
  184  17:53  Brood Lord x7  
  184  17:56  Overseer x2  
  184  17:57  Overseer  
  195  18:05  Brood Lord  
  197  18:17  Brood Lord  
  197  18:18  Brood Lord  
  196  18:21  Drone x2  
  196  18:23  Brood Lord  
  199  18:32  Queen x4, Brood Lord  
  200  18:34  Baneling x6  
  200  18:37  Hatchery  
  200  18:40  Overseer  
  198  18:53  Infestor  
  198  18:54  Infestor x3  
  198  18:55  Pneumatized Carapace  
  198  18:58  Infestor x4  
  181  19:41  Zergling x28  
  181  19:42  Zergling x30  
  181  19:43  Overseer x2  
  185  19:51  Zergling x4  
  183  20:05  Infestor x2  
  187  20:14  Corruptor x5  
  187  20:17  Overseer  
  196  20:25  Overseer x4  
  192  20:30  Drone x6  
  196  20:38  Baneling x3  
  196  20:39  Baneling x15  
  193  20:54  Corruptor x2  
  193  20:55  Corruptor  
  185  20:58  Zergling x30  
  182  21:04  Corruptor  
  182  21:10  Infestor  
  152  21:19  Queen  
  152  21:23  Queen  
  156  21:26  Infestor  
  156  21:30  Drone x2  
  156  21:32  Drone  
  161  21:33  Drone  
  162  21:42  Viper  
  165  21:48  Drone x2  
  165  21:49  Drone x2  
  165  21:53  Infestor x5  
  169  21:57  Drone  
  169  22:00  Brood Lord  
  170  22:14  Drone x2  
  170  22:15  Drone x7  
  172  22:37  Corruptor x3  
  162  22:38  Baneling  
  162  22:39  Baneling x5  
  166  22:46  Brood Lord x3  
  172  22:54  Drone x3  
  175  23:02  Infestor, Queen x2  
  179  23:18  Infestor x4  
  186  23:27  Baneling x5  
  186  23:29  Corruptor x2  
  186  23:30  Corruptor  
  192  23:47  Overseer x2  
  192  24:27  Overlord x2  
  192  24:33  Overlord x2  
  191  24:39  Spore Crawler x2  
  189  24:48  Overlord  
  189  24:49  Zerg Flyer Weapons Level 3  
  189  24:56  Brood Lord x3, Hatchery  
  193  25:09  Corruptor x2  
  196  25:17  Hatchery  
  196  25:18  Brood Lord x2  
  199  25:22  Overseer  
  199  25:33  Overseer x2  
  199  25:49  Spore Crawler  
  196  26:10  Zergling x20  
  193  26:17  Hatchery  
  188  26:26  Baneling x13  
  162  27:16  Zergling x28  
  162  27:21  Infestor  
  158  27:23  Overseer x2  
  158  27:24  Zergling x4  
  145  27:30  Viper  
  145  27:37  Infestor x2  
  148  27:41  Overlord  
  152  27:44  Baneling x2  
  152  27:45  Overseer  
  152  27:47  Overlord  
  152  28:19  Infestor x3  
  152  28:20  Infestor x2  
  152  28:22  Baneling x3  
  152  28:33  Baneling x8  
  152  28:39  Overlord  
  152  28:40  Overlord x3, Hatchery  
  148  28:44  Overlord  
  147  28:59  Baneling  
  140  29:12  Viper  
  140  29:13  Viper  
  140  29:15  Infestor  
  140  29:16  Infestor x2  
  150  29:20  Ultralisk x2  
  150  29:22  Zergling x16  
  170  29:25  Zergling x4  
  170  29:44  Overseer  
  168  29:46  Baneling  
  168  29:47  Baneling x3  
  168  29:52  Spore Crawler  
  168  29:53  Drone  
  168  29:55  Drone x3  
  168  29:57  Baneling x3  
  171  30:03  Brood Lord  
  150  30:29  Zergling x32  
  163  30:37  Infestor  
  163  30:39  Drone x3  
  164  30:48  Infestor  
  162  31:09  Infestor x2  
  166  31:22  Zergling x4, Baneling x4  

Tags
 
Add a new tag
Caveats
  • Supply blocks, unpowered buildings, or Contaminate may cause inaccurate times.
  • Supply counts are checked every 10 seconds.